 Dungeon Crawl Stone Soup version 0.21.1-1-g345015f (webtiles) character file.

661 Monsterracer the Shooter (level 7, -4/44 HPs)
             Began as a Tengu Hunter on July 8, 2018.
             Killed by divine providence
             ... invoked by an orc priest
              (16 damage)
             ... on level 5 of the Dungeon.
             The game lasted 00:10:40 (6330 turns).

Monsterracer the Shooter (Tengu Hunter)             Turns: 6330, Time: 00:10:41

Health: -4/44      AC:  8    Str: 16    XL:     7   Next: 56%
Magic:  6/8        EV: 16    Int: 14    God:
Gold:   218        SH:  0    Dex: 14    Spells: 6/6 levels left

rFire    . . .     SeeInvis .   b - +2 falchion (freeze)
rCold    . . .     Gourm    .   (no shield)
rNeg     . . .     Faith    .   s - +3 leather armour of Tohasch {+Inv MR+}
rPois    .         Spirit   .   w - +2 hat
rElec    .         Reflect  .   (no cloak)
rCorr    +         Harm     .   (no gloves)
MR       +....                  (boots unavailable)
Stlth    +.........             (no amulet)
HPRegen  0.14/turn              k - +4 ring of strength
MPRegen  0.11/turn              n - ring of resist corrosion

@: flying quickly and evasively, quick
A: beak, talons 3, able to fly 1
a: Evoke Invisibility


You were on level 5 of the Dungeon.
You were hungry.

You visited 1 branch of the dungeon, and saw 5 of its levels.

You collected 218 gold pieces.

Inventory:

Hand Weapons
 a - a +1 shortbow
 b - a +2 falchion of freezing (weapon)
Missiles
 d - 43 arrows
Armour
 s - the +3 leather armour of Tohasch (worn) {+Inv MR+}
   (You found it on level 4 of the Dungeon)

   It affects your resistance to hostile enchantments.
   It lets you turn invisible.
 v - the +1 leather armour "Neqye" {rC++ Str+3}
   (You found it on level 5 of the Dungeon)

   It affects your strength (+3).
   It greatly protects you from cold.
 w - a +2 hat (worn)
Jewellery
 k - a +4 ring of strength (left hand)
 n - a ring of resist corrosion (right hand)
Wands
 u - a wand of scattershot (7)
Scrolls
 j - 2 scrolls of fog
 l - a scroll of enchant weapon
 p - 2 scrolls of amnesia
 q - 5 scrolls of remove curse
Potions
 e - 3 potions of heal wounds
 f - a potion of haste
 g - a potion of resistance
 h - 2 potions of curing
 i - a potion of berserk rage {unknown}
 m - a potion of invisibility {unknown}
 o - a potion of mutation {unknown}
 r - 2 potions of flight {unknown}
 t - a potion of brilliance {unknown}
Comestibles
 c - 6 rations


   Skills:
 + Level 4.3 Fighting
 + Level 2.5 Long Blades
 * Level 7.6 Bows
 + Level 3.9 Dodging
 - Level 1.0 Stealth


You had 6 spell levels left.
You didn't know any spells.

Dungeon Overview and Level Annotations

Branches:
Dungeon (5/15)
 Temple: D:4-7

Altars:
Sif Muna
Vehumet
Yredelemnul


Innate Abilities, Weirdness & Mutations

You have a beak for a mouth.
You have claws for feet.
You can fly.


Message History

Press: ? - help, Shift-Dir - straight line, f/p - jelly
Aim: a jelly (almost dead)
You shoot an arrow. The arrow hits the jelly!
You kill the jelly!
Firing (i - inventory):
d - 22 arrows (quivered)
Press: ? - help, Shift-Dir - straight line, f - ogre
Aim: an ogre, wielding a giant club (heavily wounded)
You shoot an arrow. The arrow hits the ogre!
The ogre is severely wounded.
The ogre hits you with a giant club!
You take 11 damage, and have 25/43 hp.
MASSIVE DAMAGE!!
You are too injured to fight recklessly!
Firing (i - inventory):
d - 21 arrows (quivered)
Press: ? - help, Shift-Dir - straight line, f/p - ogre
Aim: an ogre, wielding a giant club (severely wounded)
You shoot an arrow. The arrow barely misses the ogre.
The ogre hits you with a giant club!
* * * LOW HITPOINT WARNING * * *
You take 8 damage, and have 17/43 hp.
Firing (i - inventory):
d - 20 arrows (quivered)
Press: ? - help, Shift-Dir - straight line, f/p - ogre
Aim: an ogre, wielding a giant club (severely wounded)
You shoot an arrow. The arrow hits the ogre!
You kill the ogre!
d - 26 arrows (gained 7)
You see here a giant club.
There isn't anything to butcher here.
You start resting.
HP restored.
Health restored: 44
d - 27 arrows (gained 1)
d - 28 arrows (gained 1)
You see here a glowing hat.
w - a glowing hat Wear which item? (? for menu, Esc to quit)
You start putting on your armour.
You continue putting on your glowing hat. x4
You finish putting on your +2 hat.
Your +2 falchion of freezing glows with a cold blue light!
b - a +2 falchion of freezing (weapon)
d - 41 arrows (gained 13)
You see here a dagger.
Found a dagger.
d - 42 arrows (gained 1)
d - 43 arrows (gained 1)
You see here a dagger.
You see here a dagger.
A leopard gecko comes into view.
No target in view!
No target in view!
No target in view!
r - 2 emerald potions (gained 1)
The leopard gecko is too close now for your liking.
Found a ration.
An orc priest comes into view. It is wielding a whip.
The orc warrior shouts!
The orc priest shouts!
You hear an angry hiss.
You hear a shout!
You hear a loud, deep croak!
A steam dragon comes into view.
An adder comes into view.
The orc shouts!
Found a ration and 23 arrows.
A bullfrog and an orc wizard come into view.
The leopard gecko hisses angrily.
The bullfrog croaks.
Found a ration.
The adder hisses angrily.
The leopard gecko bites you but does no damage.
The orc wizard mumbles some strange words.
The orc wizard blinks!
The orc warrior hits you with a dire flail.
You take 5 damage, and have 39/44 hp.
The orc priest invokes the aid of Beogh against you.
Beogh smites you!
You take 14 damage, and have 26/44 hp.
MASSIVE DAMAGE!!
You swoop lightly up into the air.
You feel very comfortable in the air.
You are feeling hungry.
The orc wizard mumbles some strange words.
The orc wizard blinks!
The orc warrior closely misses you.
You now have 5/8 mp.
The orc priest calls down the wrath of Beogh upon you.
Beogh smites you!
* * * LOW HITPOINT WARNING * * *
You take 11 damage, and have 15/44 hp.
MASSIVE DAMAGE!!
The leopard gecko completely misses you.
You riposte.
You closely miss the leopard gecko.
You kill the leopard gecko!
The adder closely misses you.
The bullfrog snags a nearby moth with its tongue.
The bullfrog hits you but does no damage.
The adder bites you but does no damage.
The bullfrog hits you but does no damage.
The bullfrog misses you.
There is a stone staircase leading up, spattered with blood here.
The adder closely misses you.
You riposte.
You hit the adder. You freeze the adder. You peck the adder, but do no damage.
The adder is heavily wounded.
The bullfrog hits you.
* * * LOW HITPOINT WARNING * * *
The orc priest mumbles some strange prayers to Beogh against you.
Beogh smites you!
You die...

...........##.## ..
...........##..# ..
..........####.## .#
........### #..# ##.#
#####.### ##.## #..#
##..## ###..####
#..##### ##....##
#.......######.##....
#...♣..#
#........)...........
##..P...###
#...@...#####......##
..........# #..SF...#
#........#
.........## ##..o.###
##........#
........## ##...##
#.......... .......##
##..### #..........
......## ##.o##
##.......... ....###
#..## #...........
..### ##o.###
#........... ###
###.....##
#..........#


You could see an orc warrior, a bullfrog, an orc priest, an adder and an orc.

Vanquished Creatures
  3 ogres
  A howler monkey (D:5)
  A crimson imp (D:3)
  An iguana (D:4)
  A jelly (D:5)
  2 orc wizards
  A worker ant (D:4)
  7 adders
  An ooze (D:1)
  A worm (D:3)
  A dart slug (D:1)
  6 leopard geckos
  17 orcs
  4 giant cockroaches
  2 gnoll zombies (D:2)
  10 hobgoblins
  9 jackals
  8 kobolds
  4 quokkas
  2 ball pythons
  9 bats
  4 frilled lizards
  4 goblins
  8 rats
107 creatures vanquished.

Vanquished Creatures (others)
  A draconian (D:1)
  An octopode (D:1)
  An elf (D:1)
  A formicid (D:1)
  A vampire (D:1)
  2 humans (D:1)
  A naga (D:1)
  2 ogres (D:1)
  2 centaurs (D:1)
  A mummy (D:1)
  2 orcs (D:1)
  5 tentacles (D:1)
20 creatures vanquished.

Grand Total: 127 creatures vanquished

Notes
Turn   | Place    | Note
-------+----------+-------------------------------------------
     0 | D:1      | Monsterracer the Tengu Hunter began the quest for the Orb.
     0 | D:1      | Reached XP level 1. HP: 12/12 MP: 2/2
     2 | D:1      | Noticed a draconian
     2 | D:1      | Noticed a vampire
     2 | D:1      | Noticed an octopode
     2 | D:1      | Noticed an ogre
     2 | D:1      | Noticed an ogre
     2 | D:1      | Noticed a formicid
     2 | D:1      | Noticed an elf
     2 | D:1      | Noticed a kraken
     2 | D:1      | Noticed a centaur
     2 | D:1      | Noticed a centaur
     2 | D:1      | Noticed a human
     2 | D:1      | Noticed a human
     2 | D:1      | Noticed a naga
     5 | D:1      | Killed a vampire
     5 | D:1      | Killed an octopode
     6 | D:1      | Killed a draconian
     6 | D:1      | Killed a centaur
     7 | D:1      | Killed an ogre
     7 | D:1      | Killed an elf
     8 | D:1      | Killed an ogre
    10 | D:1      | Killed a human
    10 | D:1      | Killed a formicid
    11 | D:1      | Killed a centaur
    11 | D:1      | Killed a human
    13 | D:1      | Killed a naga
    20 | D:1      | HP: 6/12 [rat (1)]
    30 | D:1      | HP: 6/12 [bat (1)]
    35 | D:1      | HP: 2/12 [rat (2)]
    55 | D:1      | Reached XP level 2. HP: 4/17 MP: 3/3
   663 | D:1      | HP: 9/18 [ooze (1)]
   664 | D:1      | Reached skill level 5 in Bows
   997 | D:1      | Reached XP level 3. HP: 22/22 MP: 4/4
  1447 | D:2      | Found a basalt altar of Yredelemnul.
  1647 | D:2      | HP: 10/22 [quokka (3)]
  1661 | D:2      | HP: 9/22 [quokka (2)]
  1669 | D:2      | HP: 6/22 [quokka (4)]
  1680 | D:2      | HP: 3/22 [adder (3)]
  1682 | D:2      | Reached XP level 4. HP: 4/27 MP: 5/5
  2713 | D:3      | Reached skill level 6 in Bows
  2713 | D:3      | Gained mutation: You can fly. [Tengu growth]
  2713 | D:3      | Reached XP level 5. HP: 27/32 MP: 6/6
  2782 | D:3      | HP: 16/32 [poisoned by a kobold]
  2788 | D:3      | HP: 13/32 [poisoned by a kobold]
  2793 | D:3      | HP: 11/32 [poisoned by a kobold]
  2800 | D:3      | HP: 10/32 [poisoned by a kobold]
  2808 | D:3      | HP: 9/32 [poisoned by a kobold]
  3043 | D:3      | Found a radiant altar of Vehumet.
  3238 | D:3      | HP: 16/32 [orc/hand axe (7)]
  3266 | D:3      | HP: 16/32 [orc (2)]
  3273 | D:3      | HP: 13/32 [jackal (3)]
  3739 | D:3      | Found a deep blue altar of Sif Muna.
  3882 | D:3      | HP: 16/32 [orc/falchion of freezing (2)]
  4554 | D:4      | Reached XP level 6. HP: 36/37 MP: 7/7
  4570 | D:4      | Reached skill level 1 in Long Blades
  4948 | D:4      | Got a faintly humming leather armour
  4959 | D:4      | Identified the +3 leather armour of Tohasch {+Inv MR+} (You found it on level 4 of the Dungeon)
  5180 | D:4      | HP: 16/38 [ogre/giant spiked club (14)]
  5184 | D:4      | Reached skill level 7 in Bows
  5665 | D:5      | Entered Level 5 of the Dungeon
  5692 | D:5      | Reached XP level 7. HP: 37/43 MP: 8/8
  5859 | D:5      | Got a steaming leather armour
  5870 | D:5      | Identified the cursed +1 leather armour "Neqye" {rC++ Str+3} (You found it on level 5 of the Dungeon)
  5970 | D:5      | HP: 17/43 [ogre/giant club (8)]
  6304 | D:5      | Noticed a steam dragon
  6314 | D:5      | HP: 15/44 [orc priest/divine providence (11)]
  6330 | D:5      | HP: 12/44 [bullfrog (5)]
  6330 | D:5      | Killed from afar by an orc priest

Skill      XL: |  1  2  3  4  5  6  7 |
---------------+----------------------+-----
Bows           | 5 6 7 |  7.6
Fighting       | 3 4 |  4.3
Long Blades    | 1 2 |  2.5
Dodging        | 3 |  3.9
Stealth        | |  1.0

Action                   |  1- 3 |  4- 6 |  7- 9 || total
-------------------------+-------+-------+-------++-------
Melee: Short sword       |    57 |    81 |       ||   138
       Kick              |    14 |    33 |     2 ||    49
       Peck              |     3 |    21 |     1 ||    25
       Falchion          |       |    32 |     2 ||    34
 Fire: Shortbow          |    35 |    70 |    19 ||   124
 Abil: Fly               |       |       |     2 ||     2
  Use: Scroll            |       |    11 |     1 ||    12
 Stab: Sleeping          |     2 |     3 |       ||     5
  Eat: Chunk             |     2 |    11 |       ||    13
       Ration            |       |       |     1 ||     1
Armor: Leather armour    |    33 |    14 |     8 ||    55
       Ring mail         |       |    12 |       ||    12
Dodge: Dodged            |    84 |    95 |    12 ||   191
       Rpst.: Falchion   |       |    13 |     2 ||    15

Vault maps used:
D:1:      nicolae_arrival_kraken_aquarium_b
D:2:      lemuel_zombie_altar_yredelemnul
D:3:      lemuel_blue_sif_altar, lemuel_coloured_pillars_altar,
          portal_sewer_entry_d
D:5:      cheibrodos_ashenzari_chains, first_ration, serial_park_tiny_1
